 Dungeon Crawl Stone Soup version 0.25-a0-665-ga69d64035b (webtiles) character file.

Game seed: 13848758510130333497, levelgen mode: deterministic

768 ReteAZ the Ruffian (level 7, 0/57 HPs)
             Began as a Ghoul Fighter on Mar 26, 2020.
             Slain by a wolf (7 damage)
             ... on level 5 of the Dungeon.
             The game lasted 00:08:51 (4056 turns).

ReteAZ the Ruffian (Ghoul Fighter)                  Turns: 4056, Time: 00:08:52

Health: 0/57       AC:  8    Str: 20    XL:     7   Next: 82%
Magic:  6/6        EV:  7    Int:  5    God:
Gold:   282        SH:  8    Dex:  8    Spells: 6/6 levels left

rFire    . . .     SeeInvis .     - Unarmed
rCold    + . .     Gourm    .   b - +0 kite shield
rNeg     + + +     Faith    .   a - +0 scale mail
rPois    ∞         Spirit   .   (no helmet)
rElec    .         Reflect  .   (no cloak)
rCorr    .         Harm     .   u - +0 pair of gloves
MR       .....                  (no boots)
Stlth    ..........             (no amulet)
HPRegen  0.00/turn              (no ring)
MPRegen  0.10/turn              (no ring)

@: stab, rotting
A: rotting body, claws 1, carnivore, cold resistance 1, negative energy
resistance 3, inhibited regeneration, torment resistance, unbreathing
a: no special abilities


You were on level 5 of the Dungeon.
You were not hungry.

You visited 2 branches of the dungeon, and saw 7 of its levels.

You collected 282 gold pieces.

Inventory:

Missiles
 g - 75 stones
 p - 10 boomerangs
 v - 2 poisoned darts (quivered)
Armour
 a - a +0 scale mail (worn)
 b - a +0 kite shield (worn)
 u - a +0 pair of gloves (worn)
Jewellery
 w - an uncursed ring of resist corrosion {unknown}
Scrolls
 e - 2 scrolls of remove curse {unknown}
 f - 5 scrolls of identify {unknown}
 h - a scroll of amnesia {unknown}
 k - 2 scrolls of enchant armour {unknown}
 l - a scroll of enchant weapon {unknown}
 m - a scroll of fear {unknown}
 n - a scroll of magic mapping {unknown}
 o - 2 scrolls of immolation {unknown}
 q - 2 scrolls of random uselessness {unknown}
 t - 4 scrolls of teleportation {unknown}
Potions
 i - 3 potions of lignification
 j - a potion of stabbing
 r - 2 potions of berserk rage
 s - a potion of magic {unknown}
 x - a potion of mutation {unknown}
 z - a potion of flight {unknown}
Comestibles
 c - 2 chunks of flesh
 d - 10 rations


   Skills:
 + Level 3.6 Fighting
 - Level 5.0 Armour
 - Level 2.6 Shields
 * Level 7.9 Unarmed Combat


You had 6 spell levels left.
You didn't know any spells.
Your spell library was empty.

Dungeon Overview and Level Annotations

Branches:
Dungeon (6/15)             Temple (1/1) D:4

Altars:
Ashenzari
Cheibriados
Dithmenos
Elyvilon
Fedhas
Gozag
Hepliaklqana
Kikubaaqudgha
Nemelex Xobeh
Okawaru
Qazlal
Ru
Trog
Uskayaw
Vehumet
Wu Jian
Xom
Yredelemnul
Zin

Annotations:
D:5 Eustachio


Innate Abilities, Weirdness & Mutations

Your body is rotting away.
You thrive on raw meat.
You are immune to poison.
You have sharp fingernails.
You are carnivorous and can eat meat at any time.
Your flesh is cold resistant. (rC+)
You are immune to negative energy. (rN+++)
You do not regenerate when monsters are visible.
You are immune to unholy pain and torment.
You can survive without breathing.


Message History

You closely miss the wolf.
The wolf is lightly wounded.
You block the wolf's attack.
Eustachio casts a spell.
Eustachio blinks!
The wolf bites you but does no damage.
You barely miss the wolf.
The wolf is lightly wounded.
The wolf bites you!
* * * LOW HITPOINT WARNING * * *
You hit the wolf.
The wolf is moderately wounded.
The wolf barely misses you.
You closely miss the wolf.
The wolf is moderately wounded.
The wolf bites you but does no damage. The wolf bites you.
* * * LOW HITPOINT WARNING * * *
It was a potion of stabbing.
You feel ready to backstab. You block the wolf's attack. The wolf bites you!
You die...

##....####5....#..##
#.###.# #.........# ##.#
#.# #..#......##..## #.##
#.# #..#...........#
##.##..####..#.#####.....#
#......##.....# #.....
##..........5r# #....# #
##.#...###..hh#####..###
.##.##...# ##.##@........#
....##..## #..####.......#
#..###..####.## ##..#..##
#..###..##...# #..##..#
###.##.....#.# #..##..####
##.#..#####.#
#..##...#.### #..### .##
##..#.##.#..# #####.#
#.#####....##..### ......#
##.............##


You could see a wolf, an iron imp, a jackal and a rat.

Vanquished Creatures
  A sky beast (D:3)
  An ogre (D:5)
  A centaur (D:5)
  A crimson imp (D:5)
  A hound (D:4)
  An orc priest (D:4)
  An orc wizard (D:4)
  An iguana (D:4)
  3 worker ants
  7 gnolls
  10 adders
  2 worms
  A dart slug (D:3)
  6 leopard geckos
  21 orcs
  A ball python (D:3)
  3 giant cockroaches (D:1)
  6 goblins
  9 hobgoblins
  4 jackals (D:5)
  8 kobolds
  3 quokkas
  8 bats
  7 frilled lizards
  A quokka zombie (D:5)
  10 rats
118 creatures vanquished.

Notes
Turn   | Place    | Note
-------+----------+-------------------------------------------
     0 | D:1      | ReteAZ the Ghoul Fighter began the quest for the Orb.
     0 | D:1      | Reached XP level 1. HP: 19/19 MP: 0/0
    54 | D:1      | Reached XP level 2. HP: 22/26 MP: 1/1
   126 | D:1      | Reached skill level 3 in Unarmed Combat
   663 | D:1      | Reached XP level 3. HP: 31/31 MP: 2/2
  1258 | D:2      | Found a faded altar of an unknown god.
  1272 | D:2      | Reached skill level 4 in Unarmed Combat
  1272 | D:2      | Reached XP level 4. HP: 23/38 MP: 3/3
  1552 | D:2      | Found a shimmering altar of Xom.
  1552 | D:2      | Found a stormy altar of Qazlal.
  1735 | D:3      | Noticed a sky beast
  1801 | D:3      | Killed a sky beast
  1801 | D:3      | Reached skill level 5 in Unarmed Combat
  1801 | D:3      | Reached XP level 5. HP: 19/45 MP: 4/4
  1906 | D:3      | Reached XP level 6. HP: 44/51 MP: 5/5
  2350 | D:4      | Reached skill level 6 in Unarmed Combat
  2770 | D:4      | Found a staircase to the Ecumenical Temple.
  2778 | D:4      | Reached XP level 7. HP: 57/57 MP: 6/6
  2783 | Temple   | Entered the Ecumenical Temple
  3231 | D:4      | Reached skill level 7 in Unarmed Combat
  3608 | D:5      | Entered Level 5 of the Dungeon
  3765 | D:5      | Found an opulent altar of Gozag.
  3830 | D:5      | Reached skill level 5 in Armour
  3972 | D:5      | Noticed Eustachio
  4056 | D:5      | Slain by a wolf

Levels and vault maps discovered:
D:1:      minmay_arrival_four_circles, layout_loops_corners,
          minmay_indecisive_spiral
D:2:      layout_loops_cross, gammafunk_temple_overflow_elements,
          chequers_ecumenical_altar_simple_redux
D:3:      layout_rooms, first_ration
D:4:      layout_gridville, minmay_temple_entry_proselytizer
D:5:      layout_layer_cave, nicolae_gozag_cash_rules_everything_around_me,
          uniq_eustachio
D:6:      layout_cave_pools, basic_altar, serial_shops, shop, serial_gnoll_camp,
          gnoll_camp_huts_basic, gnoll_camp_mini_basic, gnoll_camp_mini_house,
          gnoll_camp_mini_hut, gnoll_camp_mini_hut, gnoll_camp_mini_hut,
          kennysheep_small_circle
Temple:   nicolae_temple_elliptical

Skill      XL: |  1  2  3  4  5  6  7 |
---------------+----------------------+-----
Unarmed Combat | 3 4 5 6 7 |  7.9
Armour         | 3 4 5 |  5.0
Fighting       | |  3.6
Shields        | |  2.6

Action                   |  1- 3 |  4- 6 |  7- 9 || total
-------------------------+-------+-------+-------++-------
Melee: Unarmed           |   138 |   240 |   143 ||   521
Throw: Dart              |       |     5 |    15 ||    20
       Stone             |       |       |     4 ||     4
  Use: Potion            |       |     1 |     2 ||     3
  Eat: Chunk             |     8 |    42 |    10 ||    60
Armor: Scale mail        |    54 |    77 |    51 ||   182
Dodge: Dodged            |    38 |    58 |    46 ||   142
Block: Kite shield       |    56 |    86 |    69 ||   211

Table legend:
 A = Non-vault XP
 B = Vault XP
 C = Vault XP percentage of total XP
 D = Non-vault monster count
 E = Vault monster count
 F = Vault count percentage of total count
                 A         B        C        D         E       F
            +---------+---------+-------+---------+---------+-------
      Total |    1050 |      48 |   4.4 |     113 |       5 |   4.2
            +---------+---------+-------+---------+---------+-------
        D:1 |      41 |       7 |  14.6 |      20 |       4 |  16.7
        D:2 |      52 |       0 |   0.0 |      21 |       0 |   0.0
        D:3 |     279 |       0 |   0.0 |      35 |       0 |   0.0
        D:4 |     322 |      41 |  11.3 |      22 |       1 |   4.3
        D:5 |     356 |       0 |   0.0 |      15 |       0 |   0.0
            +---------+---------+-------+---------+---------+-------
